 Dungeon Crawl Stone Soup version 0.20.0-8-g6b59dc7 (webtiles) character file.

44 fht4gn the Magician (level 3, 0/20 HPs)
             Began as a Deep Elf Wizard on May 31, 2017.
             Slain by a hound (5 damage)
             ... on level 5 of the Dungeon.
             The game lasted 00:11:33 (1142 turns).

fht4gn the Magician (Deep Elf Wizard)               Turns: 1142, Time: 00:11:34

Health: 0/20       AC:  3    Str:  5    XL:     3   Next: 39%
Magic:  0/11       EV: 13    Int: 22    God:
Gold:   58         SH:  0    Dex: 13    Spells: 3/11 levels left

rFire    . . .     SeeInvis .   h - +0 dagger
rCold    . . .     Gourm    .   (no shield)
rNeg     . . .     Faith    .   a - +0 robe
rPois    .         Spirit   .   b - +0 hat
rElec    .         Reflect  .   (no cloak)
rCorr    .         Harm     .   e - +0 pair of gloves
MR       .....                  (no boots)
Stlth    ++........             (no amulet)
Regen    0.1/turn               (no ring)
MPRegen  0.2/turn               (no ring)

@: very slightly contaminated
A: no striking features
a: no special abilities


You were on level 5 of the Dungeon.
You were not hungry.

You visited 1 branch of the dungeon, and saw 4 of its levels.

You collected 58 gold pieces.

Inventory:

Hand Weapons
 h - a +0 dagger (weapon)
Armour
 a - a +0 robe (worn)
 b - a +0 hat (worn)
 e - a +0 pair of gloves (worn)
Jewellery
 r - an uncursed ring of see invisible {unknown}
Wands
 t - a wand of clouds (4/9)
Scrolls
 i - a scroll of immolation {unknown}
 j - 8 scrolls of identify {unknown}
 k - a scroll of remove curse {unknown}
 l - a scroll of blinking {unknown}
 o - a scroll of enchant weapon {unknown}
 u - a scroll of fog {unknown}
Potions
 m - a potion of curing {unknown}
 p - a potion of mutation {unknown}
 q - a potion of magic {unknown}
 s - a potion of degeneration {unknown}
Books
 c - a book of Minor Magic

   Spells                             Type                      Level
   a - Magic Dart                     Conjuration                  1
   b - Blink                          Translocation                2
   c - Call Imp                       Summoning                    2
   d - Slow                           Hexes                        2
   e - Conjure Flame                  Conjuration/Fire             3
   f - Mephitic Cloud                 Conjuration/Poison/Air       3
Comestibles
 d - a bread ration
 f - 2 chunks of flesh
 g - a meat ration
 n - a royal jelly


   Skills:
 - Level 1.0 Fighting
 + Level 0.4 Short Blades
 + Level 2.6 Dodging
 + Level 2.6 Stealth
 + Level 4.6 Spellcasting
 + Level 2.0 Conjurations
 * Level 1.6 Hexes
   Level 1.1 Summonings
 - Level 1.1 Translocations
 + Level 0.0 Air Magic
 + Level 0.0 Poison Magic


You had 3 spell levels left.
You knew the following spells:

 Your Spells              Type           Power        Failure   Level  Hunger
a - Magic Dart            Conj           ##..         4%          1    None
b - Slow                  Hex            ##......     8%          2    None
c - Blink                 Tloc           N/A          10%         2    None
d - Mephitic Cloud        Conj/Pois/Air  #.......     24%         3    ##.....


Dungeon Overview and Level Annotations

Branches:
Dungeon (5/15)
 Temple: D:4-7

Altars:
Ashenzari

Shops:
D:4 :

Annotations:
D:1 cleared


Message History

The hound closely misses you.
You closely miss the hound.
The hound is heavily wounded.
The hound bites you but does no damage.
Casting: Magic Dart
Confirm with . or Enter, or press ? or * to list all spells.
Aiming: Magic Dart
Press: ? - help, Shift-Dir - straight line, f/p - hound
Aim: a hound (heavily wounded, slow)
The magic dart hits the hound.
The hound is severely wounded.
The hound is no longer moving slowly.
The hound bites you.
* * * LOW HITPOINT WARNING * * *
Press: ? - help, v - describe, . - travel
Here: a hound (severely wounded)
The floor.
You barely miss the hound.
The hound is severely wounded.
The hound barely misses you. The hound bites you.
You die...

####...###.... #. ..
#.(.......#### #..
#.#.##.###.###.#
...###.#..........#.#
.......#....##.##.#.#
.......#.# #.##.#.#
....... #....#.#
).....h#### ####.#.#
.....$.@..# #.##.#.#
......###.# #......#
##### #.# #.######
####.####.#
#......##.#
#......##.#
#......##.#
#......##.#
#.........#


You could see a hound.

Vanquished Creatures
  A dart slug (D:1)
  A leopard gecko (D:1)
  A ball python (D:1)
  5 goblins
  6 hobgoblins
  7 jackals (D:1)
  4 bats
  7 kobolds (D:1)
  4 rats (D:1)
36 creatures vanquished.

Notes
Turn   | Place    | Note
-------+----------+-------------------------------------------
     0 | D:1      | fht4gn the Deep Elf Wizard began the quest for the Orb.
     0 | D:1      | Reached XP level 1. HP: 10/10 MP: 7/7
   274 | D:1      | Reached XP level 2. HP: 10/16 MP: 5/9
   342 | D:1      | Learned a level 2 spell: Slow
   345 | D:1      | Learned a level 2 spell: Blink
   432 | D:1      | Reached skill level 1 in Hexes
   629 | D:1      | Reached XP level 3. HP: 12/20 MP: 0/11
   736 | D:1      | Found a shattered altar of Ashenzari.
   927 | D:1      | Learned a level 3 spell: Mephitic Cloud
   961 | D:2      | Reached skill level 1 in Fighting
   968 | D:2      | You fall through a shaft for 2 floors!
   995 | D:4      | Found Wami's Book Shop.
  1047 | D:5      | Entered Level 5 of the Dungeon
  1142 | D:5      | Slain by a hound

Skill      XL: |  1  2  3 |
---------------+----------+-----
Hexes          | 1 |  1.6
Conjurations   | 2 |  2.0
Fighting       | 1 |  1.0
Short Blades   | |  0.4
Dodging        | |  2.6
Stealth        | |  2.6
Spellcasting   | |  4.6
Summonings     | |  1.1
Translocations | |  1.1

Action                   || total
-------------------------++-------
Melee: Dagger            ||    46
 Cast: Magic Dart        ||    75
       Slow              ||     4
       Blink             ||     2
 Stab: Sleeping          ||     2
  Eat: Chunk             ||     1
Armor: Robe              ||     8
Dodge: Dodged            ||    45
